 Dungeon Crawl Stone Soup version 0.27-a0-1140-g099f9bb0e8 (webtiles) character file.

Game seed: 15010926369677452260

11 CurlyBrace the Chiller (level 2, -20/10 (12) HPs)
             Began as a Felid Ice Elementalist on May 10, 2021.
             Killed by an exploding kobold (23 damage)
             ... ignited by their inner flame
             ... on level 7 of the Dungeon.
             The game lasted 00:02:45 (361 turns).

CurlyBrace the Chiller (Felid Ice Elementalist)      Turns: 361, Time: 00:02:46

HP:   -20/10 (12)   AC:  1    Str:  4    XL:     2   Next: 13%
MP:   5/6           EV: 17    Int: 16    God:
Gold: 92            SH:  0    Dex: 16    Spells: 4/5 levels left
                                        Lives: 0   Deaths: 0

rFire    . . .     SeeInvis +   (weapon unavailable)
rCold    . . .     Faith    .   (shield unavailable)
rNeg     . . .     Spirit   .   (armour unavailable)
rPois    .         Reflect  .   (helmet unavailable)
rElec    .         Harm     .   (cloak unavailable)
rCorr    .         Rampage  .   (gloves unavailable)
Will     .....                  (boots unavailable)
Stlth    ++........             (no amulet)
HPRegen  0.03/turn              (no ring)
MPRegen  0.10/turn              (no ring)

@: weak-willed, flying, heavily drained, quick
A: very small, claws 1, fangs 3, see invisible, speed 1, shaggy fur 1, stealthy
paws, no weapons or thrown items, no armour, multi-lived
a: no special abilities


You were on level 7 of the Dungeon.
You visited 1 branch of the dungeon, and saw 7 of its levels.

You collected 92 gold pieces.

You aren't carrying anything.


   Skills:
 * Level 1.0 Fighting
 + Level 2.9 Dodging
 - Level 3.0 Stealth
 * Level 0.8 Unarmed Combat
 - Level 2.0 Spellcasting
 - Level 3.6 Ice Magic


You had 4 spell levels left.
You knew the following spells:

 Your Spells              Type           Power      Damage    Failure   Level
a - Freeze                Ice            52%        1d7       4%          1

Your spell library contained the following spells:

 Spells                   Type           Power      Damage    Failure   Level
 Frozen Ramparts          Ice            26%        1d4       14%         3
 Ozocubu's Armour         Ice            13%        N/A       14%         3
 Confusing Touch          Hex            1%         N/A       52%         3
 Gell's Gravitas          Tloc           0%         N/A       52%         3
 Hailstorm                Conj/Ice       7%         3d4       69%         4
 Petrify                  Tmut/Erth      1%         N/A       90%         4
 Metabolic Englaciation   Hex/Ice        3%         N/A       95%         5
 Yara's Violent Unravell  Hex/Tmut       0%         3d3       99%         5


Dungeon Overview and Level Annotations

Branches:
Dungeon (7/15)
 Temple: D:4-7

Altars:

Annotations:
D:5 exclusion: downstairs


Innate Abilities, Weirdness & Mutations

You have sharp claws.
You have razor-sharp teeth.
You have supernaturally acute eyesight. (SInv)
You cover ground quickly. (Speed+)
You are covered in fur. (AC +1)
Your paws help you pounce on unaware monsters.
You are incapable of wielding weapons or throwing items.
You cannot wear armour.
You gain extra lives every three experience levels.


Message History

A sky beast comes into view.
The necrophage hits you.
You feel drained.
* * * LOW HITPOINT WARNING * * *
The sky beast flickers out of sight for a moment.
The sky beast flickers out of sight for a moment.
Found a stone staircase leading down.
There is a stone staircase leading down here.
You climb downwards.
Found a grey potion and 18 gold pieces.
There is a stone staircase leading up here.
You see here a grey potion.
It was a potion of flight.
You feel very buoyant.
You fly up into the air.
You see here 18 gold pieces.
You now have 92 gold pieces (gained 18).
Found a scroll labelled PIOJYC JOBAO.
Found a robe.
A kobold comes into view.
It is wielding a +0 dagger and quivering poisoned darts.
The kobold shouts!
You see here a scroll labelled PIOJYC JOBAO.
As you read the scroll labelled KYAGOF MOTI, it crumbles to dust.
The creatures around you are filled with an inner flame!
It was a scroll of immolation.
A kobold comes into view. It is wielding a +0 whip.
Found a stone staircase leading up.
You see here a scroll labelled PIOJYC JOBAO.
As you read the scroll labelled PIOJYC JOBAO, it crumbles to dust.
The kobold shouts!
Magic quickly surges around you.
It was a scroll of vulnerability.
Casting: Freeze (safe; 4% risk of failure)
Confirm with . or Enter, or press ? or * to list all spells.
Aiming: Freeze (safe; 4% risk of failure)
Press: ? - help, Shift-Dir - straight line, f - kobold
Aim: a kobold, wielding a +0 dagger and quivering poisoned darts (inner flame, weak-willed)
You freeze the kobold.
The kobold explodes!
The fiery explosion engulfs you!!
Ouch! That really hurt!
You die...

#...<..........
#..............
#.............. .#
#.........K....
..# #.............
...##....§.§......
#..#..[..)......#
#..#...§@§.....#
#.............#
......
##...........##
.....#
##...........#
.....
###........#.##
....
###...........##
...
####.....#####..##
..###.....#### #.#
.##....#### .#


You could see a kobold (weak-willed).

Vanquished Creatures
  A ball python (D:1)
  An endoplasm (D:2)
  A kobold (D:7)
  12 rats
15 creatures vanquished.

Notes
Turn   | Place    | Note
-------+----------+-------------------------------------------
     0 | D:1      | CurlyBrace the Felid Ice Elementalist began the quest for
                  | the Orb.
     0 | D:1      | Reached XP level 1. HP: 7/7 MP: 4/4
   146 | D:1      | Reached XP level 2. HP: 6/12 MP: 6/6
   156 | D:1      | Found a faded altar of an unknown god.
   166 | D:2      | Reached skill level 1 in Fighting
   244 | D:5      | Entered Level 5 of the Dungeon
   262 | D:5      | Noticed a phantom
   292 | D:6      | Noticed a necrophage
   302 | D:5      | Noticed a water moccasin
   303 | D:5      | Noticed a black bear
   315 | D:6      | Noticed a sky beast
   361 | D:7      | Killed by an exploding kobold... ignited by their inner
                  | flame

Illustrated notes

Levels and vault maps discovered:
D:1:      lightli_arrival_noodles, layout_basic,
          shapermc_ecumenical_altar_totnotflames, minmay_rat_gold_closets
D:2:      layout_basic, serial_aquarium, aquarium_bridge_straight
          [aquarium_subvault_bridge, aquarium_subvault_window,
          aquarium_subvault_bridge, aquarium_subvault_wall],
          aquarium_bridge_straight [aquarium_subvault_bridge,
          aquarium_subvault_wall, aquarium_subvault_bridge,
          aquarium_subvault_balcony], aquarium_window_fake,
          aquarium_window_fake, aquarium_window_fake, aquarium_view_2c,
          aquarium_view_2a, minmay_tree_intersection, uniq_crazy_yiuf_cottage,
          uniq_robin, uniq_terence
D:3:      layout_basic, minmay_checkerbox, uniq_ijyb
D:4:      layout_rooms, minmay_temple_entry_drinking_statues, serial_shops,
          nicolae_shop_competitors_out_of_business, minmay_misc_feat_rugged
D:5:      layout_loops_ring, cheibrodos_sewer_entry_drain, uniq_blork_the_orc,
          uniq_menkaure, uniq_pikel
D:6:      layout_basic, uniq_edmund
D:7:      layout_cave_pods

Skill      XL: |  1  2 |
---------------+-------+-----
Fighting       | 1 |  1.0
Stealth        | 3 |  3.0
Dodging        | |  2.9
Unarmed Combat | |  0.8
Spellcasting   | |  2.0
Ice Magic      | |  3.6

Action                   || total
-------------------------++-------
Melee: Unarmed           ||    24
 Cast: Freeze            ||     9
  Use: Scroll            ||     3
       Potion            ||     1
 Stab: Sleeping          ||     8
Dodge: Dodged            ||    11

Table legend: (Time is in decaauts)
 A = Elapsed time spent in this place.
 B = Non-inter-level travel time spent in this place.
 C = Inter-level travel time spent in this place.
 D = Time resting spent in this place.
 E = Time spent auto-exploring this place.
 F = Levels seen in this place.
 G = Mean time per level.
                   A        B        C        D        E       F      G
               +--------+--------+--------+--------+--------+-----+--------+
         Total |    304 |    304 |      0 |      0 |      0 |   7 |   43.4 |
       Dungeon |    304 |    304 |      0 |      0 |      0 |   7 |   43.4 |
               +--------+--------+--------+--------+--------+-----+--------+

Top non-repeatable levels by time:
     D:1: 139 daAuts
     D:5: 57 daAuts
     D:3: 45 daAuts
     D:7: 22 daAuts
     D:6: 18 daAuts
     D:2: 11 daAuts
     D:4: 8 daAuts
